 Dungeon Crawl Stone Soup version 0.32-a0-43-g058985b245 (webtiles) character file.

Game seed: 16462971543836556150

23 BubbleThief the Apothecary (level 2, 0/22 HPs)
             Began as a Naga Alchemist on Feb 4, 2024.
             Slain by a goblin
             ... wielding a +0 club
             ... led by Robin
              (3 damage)
             ... on level 2 of the Dungeon.
             The game lasted 00:01:21 (637 turns).

BubbleThief the Apothecary (Naga Alchemist)          Turns: 637, Time: 00:01:21

Health: 0/22       AC:  1    Str: 10    XL:     2   Next: 95%
Magic:  5/5        EV:  9    Int: 15    God:
Gold:   25         SH:  0    Dex: 11    Spells: 4/5 levels left

rFire   . . .        e - +0 dagger (venom)
rCold   . . .        (no shield)
rNeg    . . .        a - +0 robe
rPois   +            (no helmet)
rElec   .            (no cloak)
rCorr   .            (no gloves)
SInv    +            (no barding)
Will    .....        (no amulet)
Stlth   ++           (no ring)
HPRegen 0.23/turn    (no ring)
MPRegen 0.09/turn

%: no passive effects
@: very slow
A: AC +0, large, see invisible, deformed body, poison resistance, slowness 2,
spit poison 1, naga tail 1
a: Spit Poison


You were on level 2 of the Dungeon.
You visited 1 branch of the dungeon, and saw 2 of its levels.

You collected 25 gold pieces.

Inventory:

Hand Weapons
 e - a +0 dagger of venom (weapon)
Armour
 a - a +0 robe (worn)
Scrolls
 g - a scroll of identify {unknown}
Potions
 b - a potion of magic
 c - 2 potions of brilliance {unknown}
 d - a potion of degeneration {unknown}
 f - a potion of heal wounds {unknown}


   Skills:
 - Level 1.5 Dodging
 - Level 3.0 Stealth
 + Level 2.4 Spellcasting
 - Level 1.0 Conjurations
 * Level 4.5 Alchemy


You had 4 spell levels left.
You knew the following spells:

 Your Spells              Type           Power      Damage    Failure   Level
a - Sting                 Conj/Alch      40%        1d5       7%          1

Your spell library contained the following spells:

 Spells                   Type           Power      Damage    Failure   Level
 Mercury Vapours          Alch/Air       16%        N/A       13%         2
 Mephitic Cloud           Conj/Alch/Air  7%         N/A       30%         3
 Olgreb's Toxic Radiance  Alch           15%        N/A       32%         4
 Sticky Flame             Fire/Alch      8%         2d4       63%         4


Dungeon Overview and Level Annotations

Branches:
Dungeon (2/15)

Altars:

Annotations:
D:2 Robin


Innate Abilities, Weirdness & Mutations

Your serpentine skin is tough. (AC +0)
You have supernaturally acute eyesight. (SInv)
Armour fits poorly on your strangely shaped body.
Your system is resistant to poisons. (rPois)
You cover ground very slowly.
You can spit poison.
You have a snake-like lower body.


Message History

The ribbon worm bites you!
Aiming: Spit Poison (2% risk of failure)
Press: ? - help, Shift-Dir - straight line, f/p - ribbon worm
Aim: a ribbon worm (severely wounded, very poisoned, catching its breath, 86% to hit)
The splash of poison hits the ribbon worm.
The ribbon worm looks as sick as possible!
The ribbon worm is severely wounded.
The ribbon worm bites you.
* * * LOW HITPOINT WARNING * * *
Unknown command.
You struggle to detach yourself from the web.
You kill the ribbon worm!
You have got your breath back.
Magic restored.
HP restored.
The web tears apart.
Found a stone staircase leading up. 2 goblins come into view.
The goblin shouts!
You hear a shout! x4
A hobgoblin comes into view. x2
The goblin moves out of view.
You can't go up here!
Robin and a goblin come into view.
Robin is wielding a +1 dagger of venom.
Found a scroll labelled UFUHONK QASIFRAAFI.
Robin shouts!
The goblin shouts!
Robin throws the goblin at you!
The goblin hits you with a club. 2 goblins come into view.
A goblin comes into view. It is wielding a +0 dagger.
A hobgoblin comes into view.
The goblin hits you with a +0 club.
You miss the goblin.
The hobgoblin shouts!
The goblin shouts!
The hobgoblin shouts!
Robin throws the goblin at you! The goblin hits you with a +0 club. x2
* * * LOW HITPOINT WARNING * * *
Unknown command.
A goblin comes into view. It is wielding a +0 club.
The goblin hits you with a +0 dagger.
* * * LOW HITPOINT WARNING * * *
The goblin attacks as it pursues you! The goblin hits you with a +0 club.
You die...

#...g# #....##
#.ggg?# g.g..#
#gg..# #....#
#.g..######
#g@.......
#gg####### ##....#
.# #....# #.#
#....# #.# #....#
#.# ##...####.#
###.....##.########
#.................#


You could see Robin, 3 hobgoblins and 8 goblins.

Vanquished Creatures
  A dart slug (D:1)
  A ribbon worm (D:2)
  A ball python (D:1)
  3 bats (D:1)
  An endoplasm (D:1)
  A giant cockroach (D:1)
  3 goblins (D:1)
  A quokka (D:1)
  2 frilled lizards (D:1)
  2 kobolds (D:1)
  3 rats (D:1)
19 creatures vanquished.

Notes
Turn   | Place    | Note
-------+----------+-------------------------------------------
     0 | D:1      | BubbleThief the Naga Alchemist began the quest for the Orb.
     0 | D:1      | Reached XP level 1. HP: 15/15 MP: 3/3
   190 | D:1      | Reached skill level 4 in Alchemy
   192 | D:1      | Reached XP level 2. HP: 22/22 MP: 0/5
   513 | D:1      | You fall into a shaft and drop 1 floor!
   634 | D:2      | Noticed Robin
   637 | D:2      | Slain by a goblin

Illustrated notes

Levels and vault maps discovered:
D:1:      minmay_arrival_split_and_join, layout_rooms
D:2:      layout_basic, uniq_robin

Skill      XL: |  1 |
---------------+----+-----
Alchemy        | 4 |  4.5
Dodging        | |  1.5
Stealth        | |  3.0
Spellcasting   | |  2.4
Conjurations   | |  1.0

Action                     || total
---------------------------++-------
  Melee: Dagger            ||     8
         Unarmed           ||     1
   Cast: Sting             ||    25
Ability: Spit Poison       ||    13
 Armour: Robe              ||    27
  Dodge: Dodged            ||    12

Table legend: (Time is in decaauts)
 A = Elapsed time spent in this place.
 B = Non-inter-level travel time spent in this place.
 C = Inter-level travel time spent in this place.
 D = Time resting spent in this place.
 E = Time spent auto-exploring this place.
 F = Levels seen in this place.
 G = Mean time per level.
                   A        B        C        D        E       F      G
               +--------+--------+--------+--------+--------+-----+--------+
         Total |    741 |    736 |      5 |      0 |    595 |   2 |  370.5 |
       Dungeon |    741 |    736 |      5 |      0 |    595 |   2 |  370.5 |
               +--------+--------+--------+--------+--------+-----+--------+

Top non-repeatable levels by time:
     D:1: 604 daAuts
     D:2: 137 daAuts
